| TOP OF THE 1ST |
|
Augusta GreenJackets batting - Pitching for Kane County Cougars : RHP Alex Andrade
|
|
Pitching: RHP Alex Andrade
|
|
|
Batting: LHB J.P. Olson
|
0-0: Foul Ball, location: 2F 0-1: Ball 1-1: Ball 2-1: Foul Ball, location: 2F 2-2: Ball 3-2: SINGLE (Groundball, 4MD, EV 106.9 MPH)
|
|
Batting: LHB Gabe Velez
|
0-0: Ball 1-0: Ball J.P. Olson steals 2nd base 2-0: Ball 3-0: Called Strike 3-1: Base on Balls
|
|
Batting: RHB Sadataka Kuwahara
|
0-0: Called Strike 0-1: Swinging Strike 0-2: Ball 1-2: Ball 2-2: Foul Ball, location: 2F 2-2: Ball 3-2: Foul Ball, location: 2F 3-2: Base on Balls J.P. Olson to third Gabe Velez to second
|
|
Batting: RHB Chris King
|
0-0: Ball 1-0: Called Strike 1-1: Ball 2-1: Fly out, F9 (Line Drive, 89M, EV 97.5 MPH) Runner from 3rd tags up, OUT at HOME! 9-2 Gabe Velez to third Sadataka Kuwahara to second
|
|
Batting: LHB Al Hernandez
|
0-0: Called Strike 0-1: Swinging Strike 0-2: SINGLE (Groundball, 34D, EV 99.4 MPH) Gabe Velez scores Sadataka Kuwahara to third
|
|
Batting: RHB Bill Defazio
|
0-0: Called Strike 0-1: Fly out, F7 (Flyball, 7S, EV 86.9 MPH)
|
| Top of the 1st over - 1 run, 2 hits, 0 errors, 2 left on base; Augusta 1 - Kane County 0 |
| BOTTOM OF THE 1ST |
|
Kane County Cougars batting - Pitching for Augusta GreenJackets : RHP Sanya Mikushevich
|
|
Pitching: RHP Sanya Mikushevich
|
|
|
Batting: RHB Larry Hardman
|
0-0: Called Strike 0-1: Hit by Pitch
|
|
Batting: RHB Paul Schreiber
|
0-0: Called Strike 0-1: Foul Ball, location: 2F 0-2: Fly out, F7 (Flyball, 78M, EV 86.2 MPH)
|
|
Batting: RHB Chad Mendoza
|
0-0: Foul Ball, location: 2F 0-1: Ball 1-1: SINGLE (Groundball, 56D, EV 108.1 MPH) Larry Hardman to second
|
|
Batting: RHB Steve Machol
|
0-0: Ball 1-0: Ball 2-0: Grounds into double play, 6-4-3 (Groundball, 6, EV 111.2 MPH)
|
| Bottom of the 1st over - 0 runs, 1 hit, 0 errors, 1 left on base; Augusta 1 - Kane County 0 |
| TOP OF THE 2ND |
|
Augusta GreenJackets batting - Pitching for Kane County Cougars : RHP Alex Andrade
|
|
Batting: LHB Josh Straub
|
0-0: Ground out 4-3 (Groundball, 4, EV 83.1 MPH)
|
|
Batting: RHB Jonathan Reece
|
0-0: Called Strike 0-1: Ball 1-1: Foul Ball, location: 2F 1-2: SINGLE (Groundball, 6, EV 94.4 MPH)
|
|
Batting: RHB Dinand Brouwer
|
0-0: Foul Ball, location: 2F 0-1: Ball 1-1: Called Strike Jonathan Reece steals 2nd base (no throw) 1-2: Ball 2-2: SINGLE (Line Drive, 8LS, EV 97.5 MPH) Jonathan Reece to third Runner from 3rd tries for Home, SAFE, throw by CF to home Dinand Brouwer to second
|
|
Pitching: RHP Shigezo Shoji
|
|
|
Batting: LHB J.P. Olson
|
0-0: Called Strike 0-1: Foul Ball, location: 2F 0-2: Foul Ball, location: 2F 0-2: DOUBLE (Line Drive, 9LM, EV 93.8 MPH) Dinand Brouwer scores
|
|
Batting: LHB Gabe Velez
|
0-0: Ball 1-0: Ball J.P. Olson steals 3rd base 2-0: Called Strike 2-1: Ball 3-1: Foul Ball, location: 2F 3-2: Base on Balls
|
|
Batting: RHB Sadataka Kuwahara
|
0-0: Swinging Strike 0-1: Ball 1-1: Ball 2-1: Called Strike 2-2: Foul Ball, location: 2F 2-2: Foul Ball, location: 2F 2-2: Strikes out looking
|
|
Batting: RHB Chris King
|
0-0: Called Strike 0-1: Foul Ball, location: 2F 0-2: Strikes out looking
|
| Top of the 2nd over - 2 runs, 3 hits, 0 errors, 2 left on base; Augusta 3 - Kane County 0 |
| BOTTOM OF THE 2ND |
|
Kane County Cougars batting - Pitching for Augusta GreenJackets : RHP Sanya Mikushevich
|
|
Batting: LHB Jeff Harmon
|
0-0: Ball 1-0: Ball 2-0: Ball 3-0: Called Strike 3-1: SINGLE (Line Drive, 34, EV 98.8 MPH)
|
|
Batting: RHB Sergio Manzanero
|
0-0: Ball 1-0: Ball 2-0: Foul Ball, location: 2F 2-1: Foul Ball, location: 2F 2-2: Ball 3-2: Ground out 5-3 (Groundball, 56S, EV 64.4 MPH) Jeff Harmon to second
|
|
Batting: LHB Enrique Ponce
|
0-0: Ball 1-0: Ball 2-0: Fly out, F6 (Popup, 6M, EV 48.8 MPH)
|
|
Batting: RHB Ernesto Zamora
|
0-0: Ball 1-0: Foul Ball, location: 2F 1-1: Swinging Strike 1-2: Strikes out swinging
|
| Bottom of the 2nd over - 0 runs, 1 hit, 0 errors, 1 left on base; Augusta 3 - Kane County 0 |
| TOP OF THE 3RD |
|
Augusta GreenJackets batting - Pitching for Kane County Cougars : RHP Shigezo Shoji
|
|
Batting: LHB Al Hernandez
|
0-0: Ball 1-0: DOUBLE (Flyball, 89XD, EV 101.2 MPH)
|
|
Batting: RHB Bill Defazio
|
0-0: SINGLE (Groundball, 56, EV 98.8 MPH) Al Hernandez to third
|
|
Batting: LHB Josh Straub
|
0-0: Ball 1-0: Ball 2-0: Ball 3-0: Base on Balls Bill Defazio to second
|
|
Batting: RHB Jonathan Reece
|
0-0: Ball 1-0: Ball 2-0: Ball 3-0: Base on Balls Al Hernandez scores Bill Defazio to third Josh Straub to second
|
|
Batting: RHB Dinand Brouwer
|
0-0: Foul Ball, location: 2F 0-1: Swinging Strike 0-2: Ball 1-2: Foul Ball, location: 2F 1-2: Foul Ball, location: 2F 1-2: Foul Ball, location: 2F 1-2: Foul Ball, location: 2F 1-2: Ball 2-2: Strikes out swinging
|
|
Pitching: RHP Tom Alatas
|
|
|
Batting: LHB J.P. Olson
|
0-0: Ball 1-0: Ball 2-0: Ball 3-0: Called Strike 3-1: Foul Ball, location: 2F 3-2: Base on Balls Bill Defazio scores Josh Straub to third Jonathan Reece to second
|
|
Batting: LHB Gabe Velez
|
0-0: Ball 1-0: Ball 2-0: DOUBLE (Line Drive, 5D, EV 96.2 MPH) Josh Straub scores Jonathan Reece scores J.P. Olson to third
|
|
Batting: RHB Sadataka Kuwahara
|
0-0: Foul Ball, location: 2F 0-1: Foul Ball, location: 2F 0-2: Strikes out swinging
|
|
Batting: RHB Chris King
|
0-0: Ball 1-0: Ball 2-0: Foul Ball, location: 2F 2-1: SINGLE (Flyball, 8LS, EV 85.6 MPH) J.P. Olson scores Gabe Velez to third Runner from 3rd tries for Home, throw by CF and OUT! 8-2
|
| Top of the 3rd over - 5 runs, 4 hits, 0 errors, 1 left on base; Augusta 8 - Kane County 0 |
| BOTTOM OF THE 3RD |
|
Kane County Cougars batting - Pitching for Augusta GreenJackets : RHP Sanya Mikushevich
|
|
Batting: LHB Tae-geun Kwang
|
0-0: Ball 1-0: SINGLE (Flyball, 78S, EV 93.1 MPH)
|
|
Batting: RHB Larry Hardman
|
0-0: Called Strike 0-1: SINGLE (Flyball, 89S, EV 93.1 MPH) Tae-geun Kwang to second
|
|
Batting: RHB Paul Schreiber
|
0-0: Ball 1-0: Fly out, F8 (Flyball, 8LS, EV 84.4 MPH)
|
|
Pitching: RHP Evan Boy
|
|
|
Batting: RHB Chad Mendoza
|
0-0: Swinging Strike 0-1: Ball 1-1: Grounds into double play, 3-6-1 (Groundball, 3, EV 85.0 MPH)
|
| Bottom of the 3rd over - 0 runs, 2 hits, 0 errors, 1 left on base; Augusta 8 - Kane County 0 |
| TOP OF THE 4TH |
|
Augusta GreenJackets batting - Pitching for Kane County Cougars : RHP Tom Alatas
|
|
Batting: LHB Al Hernandez
|
0-0: Foul Ball, location: 2F 0-1: Foul Ball, location: 2F 0-2: Ball 1-2: Fly out, F7 (Flyball, 7S, EV 86.2 MPH)
|
|
Batting: RHB Bill Defazio
|
0-0: Ball 1-0: Ball 2-0: Ball 3-0: Base on Balls
|
|
Batting: LHB Josh Straub
|
0-0: Ball Bill Defazio steals 2nd base 1-0: Foul Ball, location: 2F 1-1: Foul Ball, location: 2F 1-2: Strikes out swinging
|
|
Batting: RHB Jonathan Reece
|
0-0: Called Strike 0-1: Ground out 5-3 (Groundball, 56, EV 88.8 MPH)
|
| Top of the 4th over - 0 runs, 0 hits, 0 errors, 1 left on base; Augusta 8 - Kane County 0 |
| BOTTOM OF THE 4TH |
|
Kane County Cougars batting - Pitching for Augusta GreenJackets : RHP Evan Boy
|
|
Batting: RHB Steve Machol
|
0-0: Ball 1-0: Foul Ball, location: 2F 1-1: Called Strike 1-2: Strikes out swinging
|
|
Batting: LHB Jeff Harmon
|
0-0: Ball 1-0: Called Strike 1-1: Ball 2-1: Ball 3-1: Called Strike 3-2: Foul Ball, location: 2F 3-2: Strikes out swinging
|
|
Batting: RHB Sergio Manzanero
|
0-0: Called Strike 0-1: Ball 1-1: Foul Ball, location: 2F 1-2: Ball 2-2: Ground out 5-3 (Groundball, 56, EV 88.8 MPH)
|
| Bottom of the 4th over - 0 runs, 0 hits, 0 errors, 0 left on base; Augusta 8 - Kane County 0 |
| TOP OF THE 5TH |
|
Augusta GreenJackets batting - Pitching for Kane County Cougars : RHP Tom Alatas
|
|
Batting: RHB Dinand Brouwer
|
0-0: Ball 1-0: Ball 2-0: Foul Ball, location: 2F 2-1: Foul Ball, location: 2F 2-2: Foul Ball, location: 2F 2-2: Strikes out swinging
|
|
Pitching: LHP Heath Henderson
|
|
|
Batting: LHB J.P. Olson
|
0-0: Called Strike 0-1: Called Strike 0-2: Ball 1-2: Strikes out swinging
|
|
Batting: LHB Gabe Velez
|
0-0: DOUBLE (Line Drive, 9LM, EV 110.6 MPH)
|
|
Batting: RHB Sadataka Kuwahara
|
0-0: Called Strike 0-1: Ground out 5-3 (Groundball, 56, EV 87.5 MPH)
|
| Top of the 5th over - 0 runs, 1 hit, 0 errors, 1 left on base; Augusta 8 - Kane County 0 |
| BOTTOM OF THE 5TH |
|
Kane County Cougars batting - Pitching for Augusta GreenJackets : RHP Evan Boy
|
|
Batting: LHB Enrique Ponce
|
0-0: Ball 1-0: Swinging Strike 1-1: Called Strike 1-2: Strikes out swinging
|
|
Batting: RHB Ernesto Zamora
|
0-0: Swinging Strike 0-1: Foul Ball, location: 2F 0-2: Ball 1-2: Strikes out swinging
|
|
Batting: LHB Tae-geun Kwang
|
0-0: Ball 1-0: Called Strike 1-1: Ball 2-1: Swinging Strike 2-2: Strikes out swinging
|
| Bottom of the 5th over - 0 runs, 0 hits, 0 errors, 0 left on base; Augusta 8 - Kane County 0 |
| TOP OF THE 6TH |
|
Augusta GreenJackets batting - Pitching for Kane County Cougars : LHP Heath Henderson
|
|
Batting: RHB Chris King
|
0-0: Called Strike 0-1: Ball 1-1: Foul Ball, location: 2F 1-2: Strikes out swinging
|
|
Batting: LHB Al Hernandez
|
0-0: Ball 1-0: Swinging Strike 1-1: Ball 2-1: Ground out 2-3 (Groundball, 2L, EV 75.0 MPH)
|
|
Batting: RHB Bill Defazio
|
0-0: Ball 1-0: Foul Ball, location: 2F 1-1: Ball 2-1: Ground out 6-3 (Groundball, 6, EV 85.6 MPH)
|
| Top of the 6th over - 0 runs, 0 hits, 0 errors, 0 left on base; Augusta 8 - Kane County 0 |
| BOTTOM OF THE 6TH |
|
Kane County Cougars batting - Pitching for Augusta GreenJackets : RHP Evan Boy
|
|
Batting: RHB Larry Hardman
|
0-0: Ground out U3 (Groundball, 23, EV 88.8 MPH)
|
|
Batting: RHB Paul Schreiber
|
0-0: SINGLE (Groundball, 6D, EV 97.5 MPH)
|
|
Batting: RHB Chad Mendoza
|
0-0: Called Strike Paul Schreiber steals 2nd base 0-1: Called Strike 0-2: Ball 1-2: Foul Ball, location: 2F 1-2: Fly out, F4 (Line Drive, 4, EV 66.2 MPH)
|
|
Batting: RHB Steve Machol
|
0-0: Ball 1-0: Foul Ball, location: 2F 1-1: Ground out 5-3 (Groundball, 56S, EV 66.9 MPH)
|
| Bottom of the 6th over - 0 runs, 1 hit, 0 errors, 1 left on base; Augusta 8 - Kane County 0 |
| TOP OF THE 7TH |
|
Augusta GreenJackets batting - Pitching for Kane County Cougars : LHP Heath Henderson
|
|
Batting: LHB Josh Straub
|
0-0: Ball 1-0: Foul Ball, location: 2F 1-1: Ball 2-1: Foul Ball, location: 2F 2-2: Strikes out swinging
|
|
Batting: RHB Jonathan Reece
|
0-0: Fly out, F9 (Flyball, 9, EV 88.1 MPH)
|
|
Batting: RHB Dinand Brouwer
|
0-0: Fly out, F9 (Flyball, 9, EV 85.0 MPH)
|
| Top of the 7th over - 0 runs, 0 hits, 0 errors, 0 left on base; Augusta 8 - Kane County 0 |
| BOTTOM OF THE 7TH |
|
Kane County Cougars batting - Pitching for Augusta GreenJackets : RHP Evan Boy
|
|
Batting: LHB Jeff Harmon
|
0-0: Foul Ball, location: 2F 0-1: Ball 1-1: Ball 2-1: Fly out, F2 (Popup, 25F, EV 83.1 MPH)
|
|
Batting: RHB Sergio Manzanero
|
0-0: Ball 1-0: Swinging Strike 1-1: Ball 2-1: Foul Ball, location: 2F 2-2: Ball 3-2: Foul Ball, location: 2F 3-2: Base on Balls
|
|
Pitching: LHP Gil Longoria
|
|
|
Batting: LHB Enrique Ponce
|
0-0: Called Strike 0-1: Ball 1-1: Foul Ball, location: 2F 1-2: Foul Ball, location: 2F 1-2: Strikes out swinging
|
|
Batting: RHB Ernesto Zamora
|
0-0: Ball 1-0: Foul Ball, location: 2F 1-1: Swinging Strike 1-2: Strikes out looking
|
| Bottom of the 7th over - 0 runs, 0 hits, 0 errors, 1 left on base; Augusta 8 - Kane County 0 |
| TOP OF THE 8TH |
|
Augusta GreenJackets batting - Pitching for Kane County Cougars : LHP Heath Henderson
|
|
Batting: LHB J.P. Olson
|
0-0: Fly out, F9 (Flyball, 9, EV 92.5 MPH)
|
|
Batting: LHB Gabe Velez
|
0-0: Swinging Strike 0-1: Swinging Strike 0-2: Ball 1-2: Foul Ball, location: 2F 1-2: Ball 2-2: Foul Ball, location: 2F 2-2: Strikes out swinging
|
|
Batting: RHB Sadataka Kuwahara
|
0-0: Fly out, F8 (Line Drive, 89D, EV 96.9 MPH)
|
| Top of the 8th over - 0 runs, 0 hits, 0 errors, 0 left on base; Augusta 8 - Kane County 0 |
| BOTTOM OF THE 8TH |
|
Kane County Cougars batting - Pitching for Augusta GreenJackets : LHP Gil Longoria
|
|
Batting: LHB Tae-geun Kwang
|
0-0: Ball 1-0: Ball 2-0: Called Strike 2-1: Foul Ball, location: 2F 2-2: Ball 3-2: Strikes out swinging
|
|
Batting: RHB Larry Hardman
|
0-0: Swinging Strike 0-1: Ball 1-1: Foul Ball, location: 2F 1-2: Strikes out swinging
|
|
Batting: RHB Paul Schreiber
|
0-0: SINGLE (Line Drive, 34D, EV 105.0 MPH)
|
|
Batting: RHB Chad Mendoza
|
0-0: Ball 1-0: Foul Ball, location: 2F 1-1: Swinging Strike 1-2: Ground out 1-3 (Groundball, 13S, EV 66.9 MPH)
|
| Bottom of the 8th over - 0 runs, 1 hit, 0 errors, 1 left on base; Augusta 8 - Kane County 0 |
| TOP OF THE 9TH |
|
Augusta GreenJackets batting - Pitching for Kane County Cougars : LHP Heath Henderson
|
|
Batting: RHB Chris King
|
0-0: Ball 1-0: Called Strike 1-1: Foul Ball, location: 2F 1-2: Strikes out swinging
|
|
Batting: LHB Al Hernandez
|
0-0: Ball 1-0: Ball 2-0: Ball 3-0: Called Strike 3-1: Called Strike 3-2: Strikes out looking
|
|
Batting: RHB Bill Defazio
|
0-0: Ball 1-0: Ball 2-0: Ball 3-0: Swinging Strike 3-1: Called Strike 3-2: Strikes out swinging
|
| Top of the 9th over - 0 runs, 0 hits, 0 errors, 0 left on base; Augusta 8 - Kane County 0 |
| BOTTOM OF THE 9TH |
|
Kane County Cougars batting - Pitching for Augusta GreenJackets : LHP Gil Longoria
|
|
Batting: RHB Steve Machol
|
0-0: Called Strike 0-1: Ball 1-1: Ball 2-1: Ball 3-1: Foul Ball, location: 2F 3-2: Base on Balls
|
|
Batting: LHB Jeff Harmon
|
0-0: SINGLE (Groundball, 4D, EV 97.5 MPH) Steve Machol to second
|
|
Batting: RHB Sergio Manzanero
|
0-0: Foul Ball, location: 2F 0-1: Ball 1-1: Foul Ball, location: 2F 1-2: Fly out, F7 (Flyball, 78D, EV 95.6 MPH)
|
|
Pitching: RHP Nick McDade
|
|
|
Batting: LHB Enrique Ponce
|
0-0: Fielders Choice at 2nd, 3-6 (Groundball, 34, EV 75.6 MPH) Steve Machol to third
|
|
Batting: RHB Ernesto Zamora
|
0-0: Foul Ball, location: 2F 0-1: Foul Ball, location: 2F 0-2: Ball 1-2: Strikes out looking
|
| Bottom of the 9th over - 0 runs, 1 hit, 0 errors, 2 left on base; Augusta 8 - Kane County 0 |
|